 Dungeon Crawl Stone Soup version 0.28-a0-410-gbef64dd269 (webtiles) character file.

Game seed: 3265961159929227816

106 zero the Conjurer (level 4, -3/34 HPs)
             Began as a Ghoul Conjurer on Sept 6, 2021.
             Slain by an orc (4 damage)
             ... on level 2 of the Dungeon.
             The game lasted 00:02:07 (2040 turns).

zero the Conjurer (Ghoul Conjurer)                  Turns: 2040, Time: 00:02:08

Health: -3/34      AC:  2    Str: 10    XL:     4   Next: 84%
Magic:  7/7        EV: 11    Int: 14    God:
Gold:   82         SH:  0    Dex:  7    Spells: 1/8 levels left

rFire   + . .      SeeInvis .     - Unarmed
rCold   + + .      Faith    .   (no shield)
rNeg    + + +      Spirit   .   a - +0 robe
rPois   ∞          Reflect  .   (no helmet)
rElec   +          Harm     .   (no cloak)
rCorr   +          Rampage  .   (no gloves)
Will    .....                   (no boots)
Stlth   ++........              (no amulet)
HPRegen 0.00/turn               (no ring)
MPRegen 0.10/turn               (no ring)

@: mighty, resistant, very slightly contaminated, inhibited regen
A: claws 1, cold resistance 1, negative energy resistance 3, inhibited
regeneration, torment resistance 2
a: no special abilities


You were on level 2 of the Dungeon.
You visited 1 branch of the dungeon, and saw 3 of its levels.

You collected 82 gold pieces.

Inventory:

Armour
 a - a +0 robe (worn)
Scrolls
 b - a scroll of blinking {unknown}
 f - a scroll of acquirement {unknown}
 g - a scroll of enchant armour {unknown}
 h - a scroll of teleportation {unknown}
 i - a scroll of identify {unknown}
 j - a scroll of immolation {unknown}


   Skills:
 + Level 0.5 Fighting
 - Level 1.7 Dodging
 + Level 2.3 Stealth
 + Level 2.0 Unarmed Combat
 + Level 2.7 Spellcasting
 + Level 3.9 Conjurations
 + Level 0.3 Translocations


You had one spell level left.
You knew the following spells:

 Your Spells              Type           Power      Damage    Failure   Level
a - Magic Dart            Conj           48%        1d5       4%          1
b - Searing Ray           Conj           24%        3d4       7%          2
c - Iskenderun's Mystic   Conj/Tloc      7%         2d4       67%         4

Your spell library contained the following spells:

 Spells                   Type           Power      Damage    Failure   Level
 Dazzling Flash           Conj/Hex       14%        N/A       30%         3
 Fulminant Prism          Conj/Hex       3%         3d6       69%         4


Dungeon Overview and Level Annotations

Branches:
Dungeon (3/15)

Altars:

Annotations:
D:2 1 runed translucent door, Crazy Yiuf, Grinder


Innate Abilities, Weirdness & Mutations

You thrive by killing the living.
You are immune to poison.
You have sharp fingernails.
Your flesh is cold resistant. (rC+)
You are immune to negative energy. (rN+++)
You do not regenerate when monsters are visible.
You are immune to unholy pain and torment.


Message History

Press: ? - help, Shift-Dir - straight line, f - orc priest
Aim: an orc priest, wielding a +0 short sword (76% to hit)
The searing ray hits the orc priest!
The orc priest is severely wounded. (Press . to maintain the ray.)
A ball python comes into view.
An orc comes into view. It is wielding a +0 short sword.
The searing ray hits the orc priest!
You kill the orc priest!
Your Unarmed Combat skill increases to level 2!
The searing ray hits the ball python.
You kill the ball python!
Grinder blinks!
The orc hits you with a +0 short sword. Grinder hits you!
There is a stone staircase leading up here.
The orc closely misses you. Grinder hits you!
You climb upwards.
Level annotation: 1 runed translucent door, Crazy Yiuf
There is a stone staircase leading down here.
Casting: Searing Ray (safe; 7% risk of failure)
Confirm with . or Enter, or press ? or * to list all spells.
Aiming: Searing Ray (safe; 7% risk of failure)
Press: ? - help, Shift-Dir - straight line You miscast Searing Ray.
You are very lightly contaminated with residual magic.
Nothing appears to happen.
The orc hits you with a +0 short sword.
* * * LOW HITPOINT WARNING * * *
Grinder hits you!
* * * LOW HITPOINT WARNING * * *
It was a potion of resistance.
You feel protected. The orc hits you with a +0 short sword.
* * * LOW HITPOINT WARNING * * *
Grinder barely misses you.
It was a potion of magic.
Magic courses through your body. The orc barely misses you.
Grinder hits you but does no damage.
It was a potion of might.
You feel very mighty all of a sudden. The orc hits you with a +0 short sword.
You die...

##################
...............5@#
..##.###########o##
..##.# #.........#
..##.# #.........#
..##.####.........#
..##'#............#
###...............#
#..............##
#.......########


You could see Grinder and an orc.

Vanquished Creatures
  An orc priest (D:3)
  Jessica (D:2)
  An adder (D:2)
  A dart slug (D:1)
  2 bats
  4 endoplasms (D:1)
  5 giant cockroaches
  4 hobgoblins (D:2)
  2 quokkas
  6 ball pythons
  4 frilled lizards
  4 kobolds
  4 rats
39 creatures vanquished.

Vanquished Creatures (others)
  A ghoul (D:1)
  A draconian (D:1)
  A palentonga (D:1)
  A djinni (D:1)
  2 merfolk (D:1)
  A formicid (D:1)
  A vampire (D:1)
  A human (D:1)
  A demonspawn (D:1)
  A demigod (D:1)
  A felid (D:1)
  A barachi (D:1)
  A mummy (D:1)
  A gnoll (D:1)
  A fungus (D:2)
  10 tentacles (D:1)
26 creatures vanquished.

Grand Total: 65 creatures vanquished

Notes
Turn   | Place    | Note
-------+----------+-------------------------------------------
     0 | D:1      | zero the Ghoul Conjurer began the quest for the Orb.
     0 | D:1      | Reached XP level 1. HP: 14/14 MP: 2/2
     3 | D:1      | Killed a palentonga
     4 | D:1      | Noticed a vampire
     4 | D:1      | Noticed a djinni
     4 | D:1      | Noticed a merfolk
     4 | D:1      | Noticed a demigod
     4 | D:1      | Noticed a felid
     4 | D:1      | Noticed a ghoul
     4 | D:1      | Noticed a kraken
     4 | D:1      | Noticed a barachi
     4 | D:1      | Noticed a merfolk
     4 | D:1      | Noticed a draconian
     4 | D:1      | Noticed a formicid
     4 | D:1      | Noticed a human
     4 | D:1      | Noticed a demonspawn
     7 | D:1      | Killed a merfolk
     7 | D:1      | Killed a barachi
     8 | D:1      | Killed a ghoul
     9 | D:1      | Killed a djinni
    10 | D:1      | Killed a merfolk
    14 | D:1      | Killed a demigod
    17 | D:1      | Killed a formicid
    18 | D:1      | Killed a human
    20 | D:1      | Killed a demonspawn
    20 | D:1      | Killed a draconian
    20 | D:1      | Killed a vampire
    21 | D:1      | Killed a felid
   233 | D:1      | Reached XP level 2. HP: 18/20 MP: 0/4
   379 | D:2      | Learned a level 2 spell: Searing Ray
   992 | D:1      | Reached XP level 3. HP: 24/26 MP: 1/5
  1035 | D:1      | Found a faded altar of an unknown god.
  1275 | D:2      | Reached skill level 1 in Unarmed Combat
  1623 | D:2      | Noticed Jessica
  1629 | D:2      | Killed Jessica
  1630 | D:2      | Reached XP level 4. HP: 27/33 MP: 1/6
  1635 | D:2      | Learned a level 4 spell: Iskenderun's Mystic Blast
  1802 | D:2      | Found a runed translucent door.
  1803 | D:2      | Noticed Crazy Yiuf
  2029 | D:3      | Noticed Grinder
  2038 | D:2      | HP: 1/34 [orc (2)]
  2040 | D:2      | Slain by an orc

Illustrated notes

Levels and vault maps discovered:
D:1:      nicolae_arrival_kraken_aquarium_b, layout_rooms,
          chequers_ecumenical_altar_lobes
D:2:      layout_basic, uniq_crazy_yiuf_cottage, uniq_jessica
D:3:      layout_basic, uniq_natasha, uniq_grinder, uniq_terence, uniq_ijyb

Skill      XL: |  1  2  3  4 |
---------------+-------------+-----
Spellcasting   | 2 |  2.7
Unarmed Combat | 1 2 |  2.0
Fighting       | |  0.5
Dodging        | |  1.7
Stealth        | |  2.3
Conjurations   | |  3.9
Translocations | |  0.3

Action                   |  1- 3 |  4- 6 || total
-------------------------+-------+-------++-------
Melee: Unarmed           |    88 |     4 ||    92
 Cast: Magic Dart        |    52 |     6 ||    58
       Searing Ray       |     2 |     1 ||     3
  Use: Potion            |       |     3 ||     3
Armor: Robe              |    34 |     2 ||    36
Dodge: Dodged            |    81 |     5 ||    86

Table legend: (Time is in decaauts)
 A = Elapsed time spent in this place.
 B = Non-inter-level travel time spent in this place.
 C = Inter-level travel time spent in this place.
 D = Time resting spent in this place.
 E = Time spent auto-exploring this place.
 F = Levels seen in this place.
 G = Mean time per level.
                   A        B        C        D        E       F      G
               +--------+--------+--------+--------+--------+-----+--------+
         Total |   2044 |   1999 |     45 |    677 |    981 |   3 |  681.3 |
       Dungeon |   2044 |   1999 |     45 |    677 |    981 |   3 |  681.3 |
               +--------+--------+--------+--------+--------+-----+--------+

Top non-repeatable levels by time:
     D:2: 1132 daAuts
     D:1: 905 daAuts
     D:3: 6 daAuts
